 Dungeon Crawl Stone Soup version 0.32-a0-314-g526f7d4993 (webtiles) character file.

Game seed: 13088057011690081674

5869 Ceno the Martial Artist (level 10, -11/72 HPs)
             Began as an Octopode Shapeshifter on Feb 16, 2024.
             Was a Believer of Yredelemnul.
             Killed from afar by a steam dragon (23 damage)
             ... with a ball of steam
             ... on level 8 of the Dungeon.
             The game lasted 00:18:59 (7653 turns).

Ceno the Martial Artist (Octopode Shapeshifter)     Turns: 7653, Time: 00:19:00

Health: -11/72     AC:  1    Str: 13    XL:     10   Next: 81%
Magic:  0/10       EV: 18    Int: 13    God:    Yredelemnul [**....]
Gold:   436        SH:  0    Dex: 18    Spells: 9/9 levels left

rFire   . .          .
                       - Unarmed
rCold   . . .        (no shield)
rNeg    . . .        (helmet currently unavailable)
rPois   .            F - amulet "Fuqiunnobb" {Spirit Will+}
rElec   +            o - ring of willpower
rCorr   .            u - ring of Summer {rElec Will+ Dex+2}
SInv    .            (no ring)
Will    +++..        (no ring)
Stlth   +++          (no ring)
HPRegen 0.32/turn    (no ring)
MPRegen 0.12/turn    (no ring)
                     (no ring)

%: guardian spirit
@: beast-form, wreathed by umbra
A: beast (slay +4), almost no armour, amphibious, 8 rings, camouflage 1,
gelatinous body 1, (nimble swimmer 1), tentacles
a: Begin Untransformation, Renounce Religion, Light the Black Torch, Recall
Undead Harvest, Hurl Torchlight


You were on level 8 of the Dungeon.
You worshipped Yredelemnul.
Yredelemnul was noncommittal.
You were a hulking beast.
You visited 2 branches of the dungeon, and saw 9 of its levels.

You collected 436 gold pieces.

Inventory:

Missiles
 d - 73 stones (quivered)
 p - 3 throwing nets
 r - 4 poisoned darts
Jewellery
 k - an amulet of the acrobat
 o - a ring of willpower (left tentacle)
 u - the ring of Summer (right tentacle) {rElec Will+ Dex+2}
   (You found it on level 3 of the Dungeon)

   [ring of willpower]

   Dex+2:     It affects your dexterity (+2).
   rElec:     It insulates you from electricity.
   Will+:     It increases your willpower.
 F - the amulet "Fuqiunnobb" (around mantle) {Spirit Will+}
   (You found it on level 6 of the Dungeon)

   [amulet of guardian spirit]

   Spirit:    It causes incoming damage to be divided between your reserves of
   health and magic.
   Will+:     It increases your willpower.
Talismans
 b - a beast talisman (active)
 c - a flux talisman
 h - a blade talisman
Wands
 t - a wand of flame (46)
 B - a wand of roots (10)
Scrolls
 g - a scroll of immolation
 i - 2 scrolls of teleportation
 q - a scroll of noise
 s - a scroll of amnesia {unknown}
 w - a scroll of vulnerability {unknown}
 x - a scroll of summoning {unknown}
 y - a scroll of enchant armour
 z - a scroll of enchant weapon {unknown}
 D - a scroll of fear {unknown}
 I - a scroll of poison {unknown}
 K - a scroll of revelation {unknown}
 L - a scroll of blinking {unknown}
Potions
 a - 3 potions of lignification
 e - 3 potions of mutation
 f - a potion of resistance
 j - 3 potions of curing
 l - 4 potions of heal wounds
 m - 4 potions of attraction
 n - a potion of brilliance {unknown}
 v - 3 potions of degeneration
 C - a potion of cancellation
 E - a potion of invisibility {unknown}
 G - a potion of ambrosia {unknown}
 H - a potion of might {unknown}
 J - a potion of magic {unknown}


   Skills:
 + Level 8.0 Fighting
 + Level 8.3 Dodging
 + Level 8.6 Unarmed Combat
 + Level 7.9 Shapeshifting


You had 9 spell levels left.
You didn't know any spells.
Your spell library contained the following spells:

 Spells                   Type           Power      Damage    Failure   Level
 Sandblast                Erth           0%         2d4       30%         1
 Cigotuvi's Dreadful Rot  Necr/Alch/Air  0%         N/A       43%         2
 Ensorcelled Hibernation  Hex/Ice        0%         N/A       43%         2
 Lesser Beckoning         Tloc           0%         N/A       43%         2
 Dazzling Flash           Conj/Hex       0%         N/A       67%         3
 Fugue of the Fallen      Necr           0%         N/A       67%         3
 Gell's Gravitas          Tloc           0%         N/A       67%         3
 Mephitic Cloud           Conj/Alch/Air  0%         N/A       67%         3
 Ozocubu's Armour         Ice            0%         N/A       67%         3
 Passwall                 Erth           0%         N/A       67%         3
 Swiftness                Air            0%         N/A       67%         3
 Teleport Other           Tloc           0%         N/A       67%         3
 Tukima's Dance           Hex            0%         N/A       67%         3
 Anguish                  Hex/Necr       0%         N/A       97%         4
 Ignite Poison            Fire/Alch      0%         N/A       97%         4
 Manifold Assault         Tloc           0%         N/A       97%         4
 Passage of Golubria      Tloc           0%         N/A       97%         4
 Vhi's Electric Charge    Tloc/Air       0%         N/A       97%         4
 Arcjolt                  Conj/Air       0%         1d10      100%        5
 Curse of Agony           Necr           0%         N/A       100%        5
 Freezing Cloud           Conj/Ice/Air   0%         6-21      100%        5
 Silence                  Hex/Air        0%         N/A       100%        5
 Yara's Violent Unravell  Hex/Alch       0%         3d3       100%        5
 Maxwell's Capacitive Co  Air            0%         ∞         100%        8


Dungeon Overview and Level Annotations

Branches:
Dungeon (8/15)             Temple (1/1) D:5
   Lair: D:8-11

Altars:
Ashenzari
Hepliaklqana
Kikubaaqudgha
Nemelex Xobeh
Okawaru
Ru
Sif Muna
Trog
Uskayaw
Wu Jian
Xom
Yredelemnul

Shops:
D:1 =[*(:   D:3 (   D:4 (

Annotations:
D:7 Maggie


Innate Abilities, Weirdness & Mutations

You are a hulking beast.
Your limbs bulge with bestial killing power. (Slay +4)
You cannot wear most types of armour.
You are amphibious.
You can wear up to eight rings at the same time.
Your skin changes colour to match your surroundings (Stealth+).
Your rubbery body absorbs attacks. (AC +1, EV +1)
((You are camouflaged when in or above water. (Stealth+)))
You have tentacles for arms and can constrict up to eight enemies at once.


Message History

Psyche is engulfed in a cloud of scalding steam.
The steam dragon completely misses you. The steam dragon misses you.
The killer bee moves out of view.
You are engulfed in a cloud of scalding steam.
Psyche is engulfed in a cloud of scalding steam.
The steam dragon barely misses you. The steam dragon misses you.
Psyche is engulfed in a cloud of scalding steam.
Psyche hits the steam dragon but does no damage.
The killer bee is engulfed in a cloud of scalding steam.
The killer bee closely misses Psyche.
The steam dragon attacks as it pursues you!
The steam dragon misses you. The steam dragon claws you.
Psyche is engulfed in a cloud of scalding steam.
Psyche is destroyed!
You bludgeon the steam dragon!
You squeeze the steam dragon, but do no damage.
The steam dragon is moderately wounded.
The killer bee is engulfed in a cloud of scalding steam.
The steam dragon bites you! The steam dragon barely misses you.
You barely miss the steam dragon.
The steam dragon is moderately wounded.
You tentacle-slap the steam dragon.
The steam dragon is heavily wounded.
The steam dragon misses you. The steam dragon closely misses you.
You tentacle-slap the steam dragon but do no damage.
You tentacle-slap the steam dragon, but do no damage.
You squeeze the steam dragon!
The steam dragon is severely wounded.
The steam dragon breathes steam at you. The ball of steam hits you!!
* * * LOW HITPOINT WARNING * * *
You hear an angry buzzing noise.
You tentacle-slap the steam dragon. Your squeeze misses the steam dragon.
The steam dragon is severely wounded.
You are engulfed in a cloud of scalding steam.
* * * LOW HITPOINT WARNING * * *
The steam dragon breathes steam at you. The ball of steam hits you!!
You die...
Your body rises from the dead as a mindless zombie.

......# #.### #.
).....# #.# ##.
.)....# #.# #..
#..#### #.# #.#
#.Z## ###.# #.#
#...###...######.#
..........ZZ§§§yy#
.....##.########D#
##..♣♣♣.# #h#
.##♣♣ ♣♣# #§# ..♣
#§. ..♣ ##.. .⌠.
#.# _# ##


You could see a steam dragon (catching breath) and 2 killer bees.

Vanquished Creatures
  Psyche (D:8)
  A troll (D:8)
  A hornet (D:8)
  Prince Ribbit (D:8)
  Sigmund (D:3)
  A ynoxinul (D:8)
  A fire bat (D:7)
  A water moccasin (D:7)
  2 ice beasts
  2 orc warriors (D:8)
  2 sky beasts (D:7)
  5 black bears
  A phantom (D:4)
  A kobold brigand (D:7)
  4 scorpions
  3 bullfrogs (D:7)
  7 wights
  4 killer bees
  4 howler monkeys
  2 jellies
  5 orc priests
  A sleepcap (D:5)
  A gnoll bouda (D:7)
  4 hounds
  Natasha (thrice) (D:2)
  5 iguanas
  7 orc wizards
  Robin (D:3)
  7 gnolls
  11 adders
  3 white imps
  6 ufetubi
  5 dart slugs
  A ribbon worm (D:2)
  24 orcs
  5 ball pythons
  9 endoplasms
  2 giant cockroaches (D:2)
  16 goblins
  4 hobgoblins
  9 quokkas
  8 bats
  4 frilled lizards
  11 kobolds
  6 rats
203 creatures vanquished.

Vanquished Creatures (collateral kills)
  A wyvern (D:8)
  2 steam dragons (D:8)
  A water moccasin (D:5)
  An orc warrior (D:6)
  2 ogres
  A wight (D:6)
  A jelly (D:5)
  An orc priest (D:6)
  3 orc wizards
  4 orcs
  2 kobolds (D:7)
19 creatures vanquished.

Vanquished Creatures (others)
  2 human zombies (D:8)
  A human (D:5)
  A sky beast zombie (D:7)
  A howler monkey zombie (D:6)
  A steam dragon zombie (D:8)
  An iguana zombie (D:6)
  A jelly zombie (D:5)
  A gnoll zombie (D:7)
  A kobold zombie (D:7)
  7 orc zombies
17 creatures vanquished.

Grand Total: 239 creatures vanquished

Notes
Turn   | Place    | Note
-------+----------+-------------------------------------------
     0 | D:1      | Ceno the Octopode Shapeshifter began the quest for the Orb.
     0 | D:1      | Reached XP level 1. HP: 13/13 MP: 1/1
    60 | D:1      | Reached XP level 2. HP: 15/18 MP: 2/2
   128 | D:1      | Found Faik Aru's Antique Armour Shoppe.
   236 | D:1      | Found Batid's General Store.
   333 | D:1      | Found Plog's Weapon Emporium.
   372 | D:1      | Found Jimog's Book Boutique.
   486 | D:1      | Reached XP level 3. HP: 23/23 MP: 3/3
   674 | D:1      | Found Aluhaaho's Jewellery Shop.
  1050 | D:2      | Reached XP level 4. HP: 29/29 MP: 4/4
  1639 | D:3      | Noticed Sigmund
  1649 | D:3      | Noticed Robin
  1752 | D:3      | Reached XP level 5. HP: 34/34 MP: 5/5
  1844 | D:3      | Killed Robin
  2026 | D:3      | Noticed Natasha
  2091 | D:2      | Killed Natasha
  2148 | D:2      | Noticed Natasha
  2158 | D:2      | Killed Natasha
  2159 | D:2      | Reached XP level 6. HP: 35/41 MP: 6/6
  2169 | D:2      | Noticed Natasha
  2176 | D:2      | Killed Natasha
  2275 | D:3      | Identified the ring of Summer {rElec Will+ Dex+2}
  2575 | D:3      | Killed Sigmund
  2576 | D:3      | Reached XP level 7. HP: 42/46 MP: 7/7
  2719 | D:3      | Found Ycopoaco's Antique Weapon Boutique.
  3166 | D:4      | Reached skill level 5 in Unarmed Combat
  3510 | D:4      | Found a hide-covered altar of Uskayaw.
  3556 | D:4      | Found Ihoch's Weapon Emporium.
  3963 | D:5      | Entered Level 5 of the Dungeon
  4033 | D:5      | Reached skill level 5 in Shapeshifting
  4033 | D:5      | Reached XP level 8. HP: 43/54 MP: 8/8
  4207 | D:5      | Reached skill level 5 in Dodging
  4301 | D:5      | Found a broken altar of Ashenzari.
  4505 | D:5      | Found a sacrificial altar of Ru.
  4521 | D:5      | Found a staircase to the Ecumenical Temple.
  4531 | Temple   | Entered the Ecumenical Temple
  4538 | Temple   | Became a worshipper of Yredelemnul the Fallen
  4554 | D:5      | Reached skill level 5 in Fighting
  4919 | D:5      | Reached XP level 9. HP: 58/61 MP: 9/9
  4926 | D:5      | Found an ancient bone altar of Kikubaaqudgha.
  5293 | D:6      | Reached * piety under Yredelemnul
  5628 | D:6      | Identified the amulet "Fuqiunnobb" {Spirit Will+}
  6317 | D:7      | Reached XP level 10. HP: 60/69 MP: 7/10
  6416 | D:7      | Noticed Maggie
  6581 | D:7      | Found a shimmering altar of Xom.
  6923 | D:7      | Reached ** piety under Yredelemnul
  7084 | D:8      | Noticed Prince Ribbit
  7096 | D:8      | Killed Prince Ribbit
  7185 | D:8      | Found an iron altar of Okawaru.
  7254 | D:8      | Found a shimmering blue altar of Sif Muna.
  7262 | D:8      | Got Sif Muna's Collected Works on Arenous Quintessence
  7321 | D:8      | Found a bloodstained altar of Trog.
  7454 | D:8      | Found an ornate altar of the Wu Jian Council.
  7461 | D:8      | Killed Psyche
  7462 | D:8      | Your ally Prince Ribbit died
  7646 | D:8      | Found a hazy altar of Hepliaklqana.
  7646 | D:8      | Found a sparkling altar of Nemelex Xobeh.
  7648 | D:8      | Your ally Psyche died
  7653 | D:8      | Killed from afar by a steam dragon

Illustrated notes

Levels and vault maps discovered:
D:1:      scummos_arrival_simple_fountains, layout_loops_ring, serial_shops,
          nicolae_shop_just_a_little_nook, nicolae_shop_waterfront, shop,
          nicolae_shop_rolling_square, shop
D:2:      layout_basic, grunt_ministairs_10
D:3:      layout_basic, serial_shops, nicolae_shop_window_shopping,
          uniq_sigmund, uniq_robin, uniq_natasha
D:4:      minmay_chambers_of_fours, layout_basic,
          nicolae_uskayaw_murder_on_the_dancefloor, serial_shops,
          nicolae_shop_bloodbath_and_beyond
D:5:      layout_rooms, nicolae_overflow_hidden_temple,
          nicolae_ru_path_of_blood, tgw_kikubaaqudgha,
          minmay_temple_entry_slanted
D:6:      layout_gridville, dk_vineyard_3
D:7:      layout_loops_ring, regret_index_xom_of_box, grunt_ministairs_8,
          minmay_misc_feat_four_crosses, uniq_maggie
D:8:      layout_rooms, nzn_overflow_gifts_of_might_and_magic,
          good_gods_temple_1, chequers_temple_overflow_minitemple,
          kennysheep_mini, nicolae_wu_jian_wuxing_cycle,
          okawaru_ov_weapons_minmay, grunt_dithmenos_smoke_and_mirrors,
          uniq_psyche, uniq_prince_ribbit1
Temple:   ebering_the_one_and_only

Skill      XL: |  1  2  3  4  5  6  7  8  9 10 |
---------------+-------------------------------+-----
Fighting       | 2 3 4 5 6 8 |  8.0
Dodging        | 3 4 5 7 8 |  8.3
Unarmed Combat | 4 5 6 7 8 |  8.6
Shapeshifting  | 4 5 7 |  7.9

Action                     |  1- 3 |  4- 6 |  7- 9 | 10-12 || total
---------------------------+-------+-------+-------+-------++-------
  Melee: Unarmed           |    44 |   131 |   233 |    87 ||   495
         Constrict         |    13 |    32 |    57 |    16 ||   118
         Tentacles         |    10 |    21 |    70 |    24 ||   125
         Punch             |       |     6 |    10 |     6 ||    22
  Throw: Stone             |       |       |    10 |       ||    10
         Dart              |       |       |     3 |       ||     3
 Invoke: Light the Black T |       |       |     3 |     1 ||     4
    Use: Scroll            |     1 |     2 |     5 |     3 ||    11
   Stab: Sleeping          |     5 |     7 |     8 |     2 ||    22
         Distracted        |     1 |       |       |     1 ||     2
 Armour: Skin              |    12 |    50 |    75 |    41 ||   178
  Dodge: Dodged            |    18 |   110 |   166 |    64 ||   358

Table legend: (Time is in decaauts)
 A = Elapsed time spent in this place.
 B = Non-inter-level travel time spent in this place.
 C = Inter-level travel time spent in this place.
 D = Time resting spent in this place.
 E = Time spent auto-exploring this place.
 F = Levels seen in this place.
 G = Mean time per level.
                   A        B        C        D        E       F      G
               +--------+--------+--------+--------+--------+-----+--------+
         Total |   7606 |   7351 |    255 |    956 |   4367 |   9 |  845.1 |
       Dungeon |   7595 |   7340 |    255 |    956 |   4367 |   8 |  949.4 |
        Temple |     10 |     10 |      0 |      0 |      0 |   1 |   10.0 |
               +--------+--------+--------+--------+--------+-----+--------+

Top non-repeatable levels by time:
     D:6: 1122 daAuts
     D:4: 1100 daAuts
     D:3: 1092 daAuts
     D:2: 1091 daAuts
     D:7: 952 daAuts
     D:5: 925 daAuts
     D:1: 749 daAuts
     D:8: 561 daAuts
  Temple: 10 daAuts
